 Dungeon Crawl Stone Soup version 0.30.1-11-g7821555f0a (webtiles) character file.

Game seed: 11631564042177587769

40062 hawla the Thaumaturge (level 14, -7/110 HPs)
             Began as a Meteoran Fire Elementalist on Nov 23, 2023.
             Was an Elder of Vehumet.
             Mangled by a merfolk impaler
             ... wielding a +0 trident
              (14 damage)
             ... on level 4 of the Shoals.
             The game lasted 00:48:12 (7254 turns).

hawla the Thaumaturge (Meteoran Fire Elementalist)  Turns: 7254, Time: 00:48:13

Health: -7/110     AC: 13    Str: 10    XL:     14   Next: 82%
Magic:  32/32      EV: 22    Int: 21    God:    Vehumet [****..]
Gold:   884        SH:  0    Dex: 18    Spells: 10/40 levels left

rFire   . . .        h - +6 lajatang (vamp)
rCold   . . .        (shield currently unavailable)
rNeg    . . .        u - +1 steam dragon scales
rPois   .            r - +0 helmet
rElec   +            o - +1 cloak
rCorr   .            a - +1 pair of gloves
SInv    +            p - +1 pair of boots
Will    +....        (no amulet)
Stlth   +            s - ring of see invisible
HPRegen 0.38/turn    m - +5 ring of evasion
MPRegen 0.23/turn

%: no passive effects
@: about to teleport, glowing
A: sense surroundings 2, otherworldly, glowing, explore regen, thin skeletal
structure 1, electricity resistance
a: Renounce Religion


You were on level 4 of the Shoals.
You worshipped Vehumet.
Vehumet was greatly pleased with you.
You visited 4 branches of the dungeon, and saw 19 of its levels.
You also visited: Bailey.

You collected 884 gold pieces.

Inventory:

Hand Weapons
 c - the +3 dagger of Grontol {spect, rElec rC+ Dex+2}
   (You found it on level 7 of the Dungeon)

   Dex:       It affects your dexterity (+2).
   rC:        It protects you from cold.
   rElec:     It insulates you from electricity.
 h - a +6 vampiric lajatang (weapon)
 D - a +0 demon whip of venom
 F - a +0 dagger of distortion
Armour
 a - a +1 pair of gloves (worn)
 o - a +1 cloak (worn)
 p - a +1 pair of boots (worn)
 r - a +0 helmet (worn)
 u - +1 steam dragon scales (worn)
Magical Staves
 B - a staff of earth
Jewellery
 m - a +5 ring of evasion (right hand)
 s - a ring of see invisible (left hand)
 t - a +6 ring of strength
 v - a ring of ice
 w - a ring of wizardry
 y - a ring of wizardry
 E - a ring of positive energy
 J - a +5 ring of evasion
 L - a +4 ring of protection
Wands
 g - a wand of roots (9) (quivered)
 j - a wand of charming (32)
 G - a wand of flame (19)
Scrolls
 b - 11 scrolls of teleportation
 d - 3 scrolls of magic mapping
 e - 2 scrolls of fog
 f - 2 scrolls of amnesia
 n - 4 scrolls of identify
 C - a scroll of immolation
 I - a scroll of torment
 K - 3 scrolls of poison
 M - 2 scrolls of enchant weapon
 P - a scroll of enchant armour
Potions
 i - a potion of ambrosia
 k - a potion of cancellation
 l - 5 potions of brilliance
 q - 2 potions of haste
 x - 2 potions of might
 z - a potion of lignification
 A - a potion of resistance
 H - 2 potions of attraction
 N - a potion of curing
 O - 2 potions of berserk rage
Miscellaneous
 Q - a box of beasts


   Skills:
 + Level 6.0 Fighting
 + Level 12.9 Staves
 + Level 9.0 Dodging
 - Level 1.4 Stealth
 + Level 13.7 Spellcasting
 + Level 10.9 Conjurations
 + Level 3.6 Translocations
 + Level 12.8 Fire Magic
 + Level 8.0 Air Magic
 + Level 3.0 Earth Magic
 + Level 3.1 Evocations


You had 10 spell levels left.
You knew the following spells:

 Your Spells              Type           Power      Damage    Failure   Level
a - Foxfire               Conj/Fire      100%       2x1d9     1%          1
b - Scorch                Fire           100%       2d9       1%          2
c - Flame Wave            Conj/Fire      59%        2d14      1%          4
d - Iskenderun's Mystic   Conj/Tloc      45%        2d10      1%          4
e - Blink                 Tloc           58%        N/A       1%          2
f - Fireball              Conj/Fire      29%        3d13      1%          5
g - Starburst             Conj/Fire      29%        6d9       1%          6
h - Plasma Beam           Fire/Air       27%        2x1d44    2%          6

Your spell library contained the following spells:

 Spells                   Type           Power      Damage    Failure   Level
 Lee's Rapid Deconstruct  Erth           13%        3d9*      10%         5
 Dazzling Flash           Conj/Hex       74%        N/A       1%          3
 Inner Flame              Hex/Fire       41%        N/A       1%          3
 Volatile Blastmotes      Fire/Tloc      98%        2d18      1%          3
 Slow                     Hex            56%        N/A       4%          1
 Conjure Ball Lightning   Conj/Air       26%        3x3d7     4%          6
 Portal Projectile        Hex/Tloc       44%        N/A       6%          3
 Ensorcelled Hibernation  Hex/Ice        28%        N/A       7%          2
 Manifold Assault         Tloc           29%        N/A       10%         4
 Confusing Touch          Hex            14%        N/A       13%         3
 Spider Form              Tmut/Pois      14%        N/A       13%         3
 Tukima's Dance           Hex            14%        N/A       13%         3
 Vampiric Draining        Necr           14%        2d7       13%         3
 Silence                  Hex/Air        15%        N/A       24%         5
 Yara's Violent Unravell  Hex/Tmut       7%         3d5       30%         5
 Anguish                  Hex/Necr       7%         N/A       41%         4
 Ice Form                 Ice/Tmut       14%        N/A       41%         4
 Summon Ice Beast         Ice/Summ       14%        N/A       41%         4
 Blade Hands              Tmut           7%         N/A       77%         5
 Enfeeble                 Hex            7%         N/A       100%        7
 Malign Gateway           Summ/Tloc      11%        N/A       100%        7
 Storm Form               Tmut/Air       15%        N/A       100%        7
 Discord                  Hex            7%         N/A       100%        8
 Disjunction              Tloc           14%        N/A       100%        8
 Summon Horrible Things   Summ           7%         N/A       100%        8


Dungeon Overview and Level Annotations

Branches:
Dungeon (11/15) Zot: 996   Temple (1/1) D:5 Zot: 568    Lair (3/5) D:11 Zot: 1046
 Shoals (4/4) Lair:3 Zot: 1628   Snake (0/4) Lair:2       Bailey (visited)
    Orc: D:9-12

Altars:
Ashenzari
Cheibriados
Elyvilon
Fedhas
Gozag
Makhleb
Nemelex Xobeh
Okawaru
Qazlal
Ru
Sif Muna
Trog
Uskayaw
Vehumet
Wu Jian
Xom
Yredelemnul
Zin

Shops:
D:4 :=(   D:6 (   Shoals:2 (   Shoals:3 (

Portals:
Trove: D:10 (give +4 fire dragon scales)


Innate Abilities, Weirdness & Mutations

You passively map the area around you.
You are easily found by Zot.
You glow in the dark.
You regain HP and MP as you explore.
You have a somewhat thin skeletal structure. (Dex +2, Stealth+)
You are resistant to electric shocks. (rElec)


Message History

The merfolk aquamancer is engulfed in a cloud of scalding steam.
The snapping turtle is engulfed in a cloud of scalding steam.
The faun moves out of view.
Your Dodging skill increases to level 9!
Found a stone staircase leading up.
The harpy screeches!
The harpy barely misses you. x2
The merfolk is engulfed in a cloud of scalding steam.
The merfolk aquamancer is engulfed in a cloud of scalding steam.
The merfolk aquamancer casts a spell at you.
The torrent of water misses you.
The wave splashes down.
The wind drake is engulfed in a cloud of scalding steam.
The merfolk impaler is engulfed in a cloud of scalding steam.
The merfolk is engulfed in a cloud of scalding steam.
You hear an angry hiss.
You hear a shout!
The harpy attacks as you move away! The harpy claws you but does no damage.
The harpy barely misses you.
The merfolk impaler hits you from afar with a +0 trident.
* * * LOW HITPOINT WARNING * * *
The harpy barely misses you. The harpy claws you.
* * * LOW HITPOINT WARNING * * *
The merfolk aquamancer is engulfed in a cloud of scalding steam.
The merfolk is engulfed in a cloud of scalding steam.
You kill the merfolk!
Vehumet accepts your kill.
Vehumet offers you knowledge of Lee's Rapid Deconstruction.
You hear a splash.
The merfolk impaler closely misses you. The harpy attacks as you move away!
The harpy claws you!
* * * LOW HITPOINT WARNING * * *
The harpy completely misses you. The harpy misses you.
The harpy closely misses you.
The merfolk aquamancer gestures at you while chanting.
The torrent of water misses you.
The wave splashes down.
A manticore comes into view.
The sea snake bites you!
* * * LOW HITPOINT WARNING * * *
The harpy claws you but does no damage. The harpy misses you.
The merfolk impaler hits you from afar with a +0 trident!
You die...

~ * ~~ ~~ ~ ~ ~
~~~~~~~~~~H~≈≈≈≈≈≈~ ~
~~~~~~~~<~~~~~≈≈≈≈≈ ~
~~~~~~~~~~~.~~~≈≈≈≈≈ ~~
~~~~~~~~~~~~~~~≈≈≈≈≈ ~~ ,,
.....m..~~~~~~~≈≈≈≈ ~ ,
.........~~~~~~≈≈≈≈ ,
......S.)..H~~~≈≈≈≈ ~~
,........tHS@~~~≈≈≈≈ ~ ,
,.........kHH~~~≈≈≈≈ ,
,......~~~mm~~~≈≈≈≈≈ ~
........$.~§§†~)~~~~~≈≈≈ ~
~
.........c~§~§~~~~.#.~~≈~~
..H..c....†§~~~~~~##.~~≈ ~
c......m...~~)§~§~.. ~~≈~
~ ~~.......##.~~§~~~~~~
~≈~ cc.~.~..# #..~~§~~~~~
~


You could see a merfolk impaler, 2 sea snakes, a merfolk aquamancer, a snapping
turtle, a wind drake (repels missiles, catching breath), a merfolk, a faun, a
manticore (wandering) and 4 harpies.

Vanquished Creatures
  2 merfolk impalers (Shoals:3)
  Erica (D:8)
  2 centaur warriors (D:11)
  3 two-headed ogres
  3 death yaks (Lair:2)
  Sonja (Lair:3)
  Amaemon (Lair:3)
  A skyshark (Shoals:3)
  2 sea snakes
  3 lindwurms (Lair:1)
  11 harpies
  5 fauns
  2 manticores
  A cyclops (Shoals:2)
  An ugly thing (D:9)
  5 merfolk sirens
  The ghost of comborobin the Chopper, a novice MiDe of Cheibriados (D:6)
  A gargoyle (D:11)
  3 water nymphs
  An orange demon (Lair:3)
  A cane toad (Lair:1)
  A yaktaur (shapeshifter) (D:9)
  A rime drake (Lair:3)
  4 komodo dragons
  2 kobold demonologists (D:7)
  An unseen horror zombie (D:6)
  11 merfolk
  2 wind drakes
  A polar bear (Lair:3)
  3 dream sheep (Shoals:2)
  A snapping turtle (Shoals:3)
  Sigmund (D:4)
  27 yaks
  3 water elementals
  A wraith (D:9)
  5 spriggans (Bailey)
  A basilisk (Lair:1)
  3 wyverns
  A steam dragon (Bailey)
  4 water moccasins
  2 acid dragons (D:9)
  Duvessa (D:5)
  7 orc warriors
  2 black bears
  A sky beast (D:7)
  7 ogres
  4 centaurs
  2 kobold brigands
  7 bullfrogs
  2 scorpions
  2 wights (D:9)
  Dowan (D:5)
  8 killer bees
  2 electric eels (D:7)
  5 hounds
  4 orc priests
  2 jellies
  A centaur skeleton (D:6)
  4 iguanas
  9 orc wizards
  A howler monkey skeleton (D:6)
  8 adders
  14 gnolls
  A shadow imp (D:8)
  3 white imps
  4 worms
  A dart slug (D:4)
  11 orcs
  4 bats
  8 endoplasms
  2 giant cockroaches
  4 goblins
  4 hobgoblins
  8 kobolds
  2 quokkas
  2 training dummies (D:5)
  3 ball pythons
  4 frilled lizards
  4 rats
285 creatures vanquished.

Vanquished Creatures (collateral kills)
  An orc priest (D:7)
  2 orcs (D:7)
  2 foxfires
5 creatures vanquished.

Vanquished Creatures (others)
  A harpy (Shoals:4)
  A manticore (Shoals:4)
  Maggie (D:7)
  302 foxfires
305 creatures vanquished.

Grand Total: 595 creatures vanquished

Notes
Turn   | Place    | Note
-------+----------+-------------------------------------------
     0 | D:1      | hawla the Meteoran Fire Elementalist began the quest for
                  | the Orb.
     0 | D:1      | Reached XP level 1. HP: 14/14 MP: 5/5
     6 | D:1      | Noticed a water moccasin
     6 | D:1      | Noticed a hound
     6 | D:1      | Noticed an iguana
     7 | D:1      | Noticed a lindwurm
    78 | D:1      | Reached skill level 3 in Spellcasting
    78 | D:1      | Reached XP level 2. HP: 20/20 MP: 2/7
    82 | D:1      | Learned a level 2 spell: Scorch
   210 | D:1      | Reached XP level 3. HP: 25/26 MP: 6/8
   579 | D:1      | Gained mutation: You have a somewhat thin skeletal
                  | structure. (Dex +2, Stealth+) [potion of mutation]
   579 | D:1      | Gained mutation: You are resistant to electric shocks.
                  | (rElec) [potion of mutation]
   580 | D:1      | Reached XP level 4. HP: 20/33 MP: 0/10
   668 | D:1      | Learned a level 4 spell: Flame Wave
   741 | D:2      | Reached XP level 5. HP: 14/38 MP: 0/11
   982 | D:3      | Noticed a centaur
   987 | D:3      | Killed a centaur
   988 | D:3      | Reached XP level 6. HP: 45/45 MP: 5/12
  1007 | D:3      | Found an opulent altar of Gozag.
  1007 | D:3      | Found an ornate altar of the Wu Jian Council.
  1012 | D:3      | Found a hide-covered altar of Uskayaw.
  1021 | D:3      | Found a snail-covered altar of Cheibriados.
  1024 | D:3      | Found a shimmering blue altar of Sif Muna.
  1030 | D:3      | Found a basalt altar of Yredelemnul.
  1288 | D:4      | Noticed Sigmund
  1296 | D:4      | Killed Sigmund
  1297 | D:4      | Reached XP level 7. HP: 32/50 MP: 3/13
  1350 | D:4      | Found a glowing silver altar of Zin.
  1425 | D:4      | Reached skill level 5 in Staves
  1470 | D:4      | Found Zoji's Antique Weapon Shoppe.
  1470 | D:4      | Found Wihodipp's Jewellery Shoppe.
  1472 | D:4      | Found Xuasaunt's Book Shoppe.
  1749 | D:5      | Entered Level 5 of the Dungeon
  1842 | D:5      | Reached XP level 8. HP: 57/57 MP: 8/14
  1854 | D:5      | Found a blossoming altar of Fedhas.
  2048 | D:5      | Found a staircase to the Ecumenical Temple.
  2066 | Temple   | Entered the Ecumenical Temple
  2066 | Temple   | Found a transporter.
  2066 | Temple   | Found a transporter.
  2068 | Temple   | Found a transporter.
  2068 | Temple   | Found a transporter.
  2283 | D:5      | Found a sacrificial altar of Ru.
  2334 | D:5      | Noticed Duvessa
  2334 | D:5      | Noticed Dowan
  2339 | D:5      | Killed Duvessa
  2367 | D:5      | Killed Dowan
  2515 | D:6      | Identified a scroll of acquirement
  2515 | D:6      | Acquired a +4 vampiric lajatang
  2631 | D:6      | Found a runed translucent gate.
  2631 | D:6      | Found a runed translucent gate.
  2631 | D:6      | Found a runed translucent gate.
  2637 | D:6      | Noticed comborobin's ghost (novice MiDe)
  2737 | D:6      | Gained mutation: You passively map the area around you.
                  | [Meteoran growth]
  2737 | D:6      | Reached XP level 9. HP: 32/62 MP: 4/15
  2749 | D:6      | Found Beduac's Antique Weapon Shoppe.
  2847 | D:6      | Reached skill level 1 in Fighting
  2894 | D:6      | Reached skill level 4 in Spellcasting
  2895 | D:6      | Reached skill level 10 in Staves
  2958 | D:6      | Reached skill level 5 in Fire Magic
  3288 | D:6      | Killed comborobin's ghost
  3289 | D:6      | Reached skill level 5 in Spellcasting
  3362 | D:7      | Identified the +3 dagger of Grontol {spect, rElec rC+
                  | Dex+2}
  3381 | D:7      | Reached skill level 5 in Conjurations
  3382 | D:7      | Noticed Maggie
  3422 | D:7      | Reached XP level 10. HP: 74/74 MP: 4/18
  3428 | D:7      | Your ally Maggie died
  3478 | D:7      | Learned a level 4 spell: Iskenderun's Mystic Blast
  3481 | D:7      | Learned a level 2 spell: Blink
  3489 | D:7      | Reached skill level 1 in Translocations
  3802 | D:7      | Noticed a kobold demonologist
  3802 | D:7      | Noticed a kobold demonologist
  3807 | D:7      | Noticed an orange demon
  3818 | D:7      | Killed a kobold demonologist
  3819 | D:7      | Reached skill level 6 in Spellcasting
  3823 | D:7      | Killed a kobold demonologist
  4127 | D:7      | Glimpsed the power of Zot.
  4176 | D:7      | Glimpsed the power of Zot.
  4190 | D:8      | Noticed Erica
  4196 | D:8      | Killed Erica
  4196 | D:8      | Found a stormy altar of Qazlal.
  4229 | D:8      | Reached skill level 5 in Dodging
  4229 | D:8      | Reached XP level 11. HP: 69/82 MP: 0/22
  4230 | D:8      | Reached skill level 7 in Spellcasting
  4321 | D:8      | Found a flagged portal.
  4340 | Bailey   | Entered a bailey
  4357 | Bailey   | Noticed a two-headed ogre
  4362 | Bailey   | Killed a two-headed ogre
  4363 | Bailey   | Reached skill level 8 in Spellcasting
  4825 | D:9      | Learned a level 5 spell: Fireball
  4867 | D:9      | Noticed a two-headed ogre
  4875 | D:9      | Killed a two-headed ogre
  5139 | D:9      | Found a radiant altar of Vehumet.
  5148 | D:9      | Became a worshipper of Vehumet
  5156 | D:9      | Learned a level 6 spell: Starburst
  5381 | D:9      | Noticed a red ugly thing
  5405 | D:9      | Killed a red ugly thing
  5457 | D:9      | Glimpsed the power of Zot.
  5486 | D:10     | Entered Level 10 of the Dungeon
  5510 | D:11     | Noticed a centaur warrior
  5520 | D:11     | Killed a centaur warrior
  5521 | D:11     | Reached XP level 12. HP: 79/92 MP: 22/25
  5529 | D:11     | Noticed a two-headed ogre
  5534 | D:11     | Killed a two-headed ogre
  5535 | D:11     | Reached skill level 9 in Spellcasting
  5552 | D:11     | Got Lomnuano's Compilation of the Frore Brume
  5588 | D:11     | Noticed a centaur warrior
  5590 | D:11     | Reached * piety under Vehumet
  5590 | D:11     | Offered knowledge of Shock by Vehumet.
  5596 | D:11     | Killed a centaur warrior
  5659 | D:10     | Found a portal to a secret trove of treasure.
  5744 | D:11     | Found a staircase to the Lair.
  5770 | Lair:1   | Entered Level 1 of the Lair of Beasts
  5820 | Lair:1   | Reached skill level 10 in Spellcasting
  5820 | Lair:1   | Reached skill level 10 in Fire Magic
  5822 | Lair:1   | Reached skill level 5 in Fighting
  5994 | Lair:2   | Found a staircase to the Snake Pit.
  5997 | Lair:2   | Noticed a death yak
  5998 | Lair:2   | Noticed a death yak
  5998 | Lair:2   | Noticed a death yak
  5998 | Lair:2   | Noticed a death yak
  5998 | Lair:2   | Noticed a death yak
  6007 | Lair:2   | HP: 3/94 [death yak (22)]
  6008 | Lair:2   | Killed a death yak
  6008 | Lair:2   | Reached ** piety under Vehumet
  6008 | Lair:2   | Offered knowledge of Freeze by Vehumet.
  6011 | Lair:2   | Killed a death yak
  6011 | Lair:2   | Killed a death yak
  6012 | Lair:2   | Reached XP level 13. HP: 5/100 MP: 1/28
  6065 | Lair:1   | Reached skill level 11 in Spellcasting
  6065 | Lair:1   | Reached skill level 10 in Conjurations
  6245 | Lair:3   | Noticed Amaemon
  6251 | Lair:3   | Reached skill level 1 in Earth Magic
  6267 | Lair:3   | Killed Amaemon
  6309 | Lair:3   | Noticed Sonja
  6317 | Lair:3   | Killed Sonja
  6486 | Lair:3   | Reached skill level 12 in Spellcasting
  6486 | Lair:3   | Offered knowledge of Ignite Poison by Vehumet.
  6494 | Lair:3   | Learned a level 6 spell: Plasma Beam
  6517 | Lair:3   | Found a staircase to the Shoals.
  6524 | Lair:3   | Reached skill level 1 in Air Magic
  6533 | Shoals:1 | Entered Level 1 of the Shoals
  6568 | Shoals:1 | Reached skill level 5 in Air Magic
  6571 | Shoals:1 | Noticed a merfolk impaler
  6675 | Shoals:2 | Noticed a satyr
  6677 | Shoals:2 | Reached *** piety under Vehumet
  6714 | Shoals:2 | Reached XP level 14. HP: 78/108 MP: 31/31
  6814 | Shoals:2 | Found Orunnog's Weapon Emporium.
  6843 | Shoals:2 | Identified the +1 ring mail of the Turtle {-Tele rF+ rC+
                  | Will+}
  6996 | Shoals:3 | Offered knowledge of Stone Arrow by Vehumet.
  7027 | Shoals:3 | Noticed a merfolk impaler
  7040 | Shoals:3 | Killed a merfolk impaler
  7041 | Shoals:3 | Noticed a merfolk impaler
  7103 | Shoals:3 | Found Hofy's Antique Weapon Boutique.
  7115 | Shoals:4 | Entered Level 4 of the Shoals
  7115 | Shoals:4 | Noticed a merfolk impaler
  7125 | Shoals:3 | Reached skill level 13 in Spellcasting
  7142 | Shoals:3 | Killed a merfolk impaler
  7250 | Shoals:4 | Reached **** piety under Vehumet
  7253 | Shoals:4 | Offered knowledge of Lee's Rapid Deconstruction by Vehumet.
  7254 | Shoals:4 | Mangled by a merfolk impaler

Illustrated notes

Levels and vault maps discovered:
D:1:      onia_arrival_zoo_common, layout_loops_corners
D:2:      layout_rooms, ebering_ecumenical_altar_mist, basic_altar,
          serial_rivers, chequers_serial_rivers_small_b,
          chequers_serial_rivers_marsh, chequers_serial_rivers_micro_d,
          chequers_serial_rivers_room_b, st_stairs_12
D:3:      layout_loops_corners, mainiacjoe_overflow_alcove_2,
          nicolae_overflow_hallway_of_the_gods,
          nicolae_hepliaklqana_monster_ancestors
D:4:      layout_loops_ring, zin_academy, nicolae_shop_distant_corner_stores,
          uniq_sigmund
D:5:      dreamdust_elfheim, layout_loops_cross,
          mainiacjoe_overflow_cross_hatched, old_standard_altar,
          minmay_temple_entry_gardened_gates, hangedman_abyss_or_decor_slice
D:6:      layout_loops_ring, serial_shops, nicolae_shop_window_shopping,
          gammafunk_ghost_necromancy
D:7:      layout_cave_pods, minivault_14, uniq_maggie
D:8:      layout_rooms, nicolae_qazlal_general_emergency, enter_bailey_2,
          minmay_bent, uniq_erica
D:9:      kennysheep_blocky_room, layout_irregular_city,
          mainiacjoe_overflow_24_doors, nicolae_concentric_dashed_squares_mild
D:10:     layout_basic, nicolae_dithmenos_shadow_blocks,
          lemuel_zombie_altar_kikubaaqudgha, trove_entry_hex_spiral
D:11:     layout_roguey, david_lair_shrubbed, uniq_psyche
Temple:   hellmonk_temple_divided_pantheon
Lair:1:   layout_regular_city, nicolae_lair_lindhole
Lair:2:   layout_hall_layers, guppyfry_snake_entry_island,
          chequers_serial_rivers_large_a
Lair:3:   layout_layer_cave, minmay_shoals_entry_lonely_mermaid, uniq_amaemon,
          uniq_sonja, uniq_kirke, uniq_urug
Shoals:1: layout_shoals, nicolae_shoals_lost_giant_temple, st_shoals_ruin
Shoals:2: layout_shoals, serial_shops, nicolae_shop_tiny_waterfront,
          yaktaur_hedge
Shoals:3: layout_shoals, serial_shops, nicolae_shop_behind_doors,
          minmay_shop_enchanted_jewellery
Shoals:4: shoals_end_grunt_ice, layout_shoals, ldierk_geyser

Skill      XL: |  1  2  3  4  5  6  7  8  9 10 11 12 13 14 |
---------------+-------------------------------------------+-----
Spellcasting   | 3 5 6 8 10 12 13 | 13.7
Fire Magic     | 4 6 8 9 10 11 12 | 12.8
Conjurations   | 3 4 5 8 9 10 | 10.9
Evocations     | 2 3 |  3.1
Staves         | 4 6 9 10 11 12 | 12.9
Fighting       | 2 3 4 5 6 |  6.0
Dodging        | 3 5 6 7 9 |  9.0
Translocations | 3 |  3.6
Earth Magic    | 3 |  3.0
Air Magic      | 7 8 |  8.0
Stealth        | |  1.4

Action                     |  1- 3 |  4- 6 |  7- 9 | 10-12 | 13-15 || total
---------------------------+-------+-------+-------+-------+-------++-------
  Melee: Unarmed           |     5 |       |       |       |       ||     5
         Quarterstaff      |       |    17 |    25 |       |       ||    42
         Lajatang          |       |       |    41 |   124 |    19 ||   184
         Staff             |       |       |       |       |    27 ||    27
   Cast: Foxfire           |    25 |    23 |    30 |    35 |    63 ||   176
         Scorch            |    10 |    15 |    45 |    37 |    70 ||   177
         Flame Wave        |       |     3 |    10 |    25 |    23 ||    61
         Iskenderun's Myst |       |       |       |    14 |    10 ||    24
         Fireball          |       |       |       |    10 |    15 ||    25
         Plasma Beam       |       |       |       |       |     2 ||     2
  Evoke: Wand              |       |     1 |     1 |     3 |       ||     5
    Use: Potion            |     2 |       |     7 |     1 |     1 ||    11
         Scroll            |       |     1 |    14 |    13 |     7 ||    35
   Stab: Sleeping          |       |     1 |     1 |       |       ||     2
 Armour: Robe              |     8 |     4 |    33 |    21 |       ||    66
         Skin              |       |       |     4 |    31 |       ||    35
         Steam dragon scal |       |       |       |    37 |    37 ||    74
  Dodge: Dodged            |    14 |    16 |    91 |   170 |   203 ||   494
